 Dungeon Sprint DCSS version 0.23.0-28-g6fe0f4d (webtiles) character file.

Game seed: 0

9881 Fang the Warrior (level 11, -1/121 HPs)
             Began as a Gargoyle Berserker on Feb 25, 2019.
             Was the Champion of Trog.
             Slain by a shadow dragon (7 damage)
             ... in the Dungeon (Sprint V: "Ziggurat Sprint").
             The game lasted 00:04:15 (1038 turns).

Fang the Warrior (Gargoyle Berserker)               Turns: 1038, Time: 00:04:16

Health: -1/121     AC: 37    Str: 32    XL:     11   Next: 53%
Magic:  14/20      EV: 13    Int:  8    God:    Trog [******]
Gold:   0          SH:  0    Dex: 13    Spells: 10/10 levels left

rFire    + + .     SeeInvis .   L - +7 battleaxe "Vufenem" {freeze, rF+ rC+ Str-5}
rCold    + + +     Gourm    .   (shield currently unavailable)
rNeg     + . .     Faith    .   j - +5 gold dragon scales
rPois    ∞         Spirit   .   (no helmet)
rElec    +         Reflect  .   (no cloak)
rCorr    .         Harm     .   z - +2 pair of gloves {Dex+3}
MR       .....     NoTele   +   (no boots)
Stlth    ..........             M - amulet of Wugh {Acrobat rElec}
HPRegen  0.30/turn              K - ring of the Octopus King {MP+9 AC+1 EV+1 Str+1 Int+1 Dex+1}
MPRegen  0.17/turn              C - ring of Enoy {rPois rC+ Str+6}

@: berserking, lightly drained, very quick
A: negative energy resistance 1, electricity resistance, unbreathing,
petrification resistance, rot immunity, AC +8
a: Berserk, Trog's Hand, Brothers in Arms, Renounce Religion


You were in the Dungeon.
You worshipped Trog.
Trog was exalted by your worship.
You were hungry.

You visited 1 branch

Inventory:

Hand Weapons
 a - the +4 hand axe of Floods {freeze, rElec MR- Int+2}
   (You found it in the Dungeon)

   It has been specially enchanted to freeze those struck by it, causing extra
   injury to most foes and up to half again as much damage against particularly
   susceptible opponents.
   It can also slow down cold-blooded creatures.
   It affects your intelligence (+2).
   It insulates you from electricity.
   It affects your resistance to hostile enchantments.
 k - a +5 executioner's axe
 G - a +3 executioner's axe of electrocution
 L - the +7 battleaxe "Vufenem" (weapon) {freeze, rF+ rC+ Str-5}
   (You took it off an orc priest in the Dungeon)

   It has been specially enchanted to freeze those struck by it, causing extra
   injury to most foes and up to half again as much damage against particularly
   susceptible opponents.
   It can also slow down cold-blooded creatures.
   It affects your strength (-5).
   It protects you from fire.
   It protects you from cold.
Armour
 j - +5 gold dragon scales (worn)
 z - a +2 pair of gloves of dexterity (worn)
Jewellery
 b - a +5 ring of strength
 A - an uncursed ring of fire
 B - an uncursed amulet of regeneration
 C - the ring of Enoy (right hand) {rPois rC+ Str+6}
   (You found it in the Dungeon)

   [ring of strength]

   It affects your strength (+6).
   It protects you from cold.
   It protects you from poison.
 D - a +6 ring of strength
 E - a +6 ring of strength
 H - a +4 ring of strength
 I - an uncursed ring of positive energy
 K - a ring of the Octopus King (left hand) {MP+9 AC+1 EV+1 Str+1 Int+1 Dex+1}
   (You found it in the Dungeon)

   [ring of magical power]

   It affects your AC (+1).
   It affects your evasion (+1).
   It affects your strength (+1).
   It affects your intelligence (+1).
   It affects your dexterity (+1).
   It affects your magic capacity (+9).
 M - the amulet of Wugh (around neck) {Acrobat rElec}
   (You found it in the Dungeon)

   [amulet of the acrobat]

   It helps you evade while moving and waiting.
   It insulates you from electricity.
Wands
 w - a wand of disintegration (7)
 x - a wand of iceblast (7)
 y - a wand of acid (7)
Scrolls
 i - 4 scrolls of blinking
 l - 7 scrolls of fog
 m - a scroll of holy word
 n - 5 scrolls of identify
 o - 5 scrolls of remove curse
 p - 2 scrolls of fear
Potions
 d - 10 potions of curing
 e - 10 potions of heal wounds
 f - 6 potions of haste
 g - 7 potions of magic
 h - 3 potions of berserk rage
 q - 2 potions of brilliance
 r - 2 potions of invisibility
 s - 4 potions of resistance
 t - a potion of experience
 u - 5 potions of agility
 v - 5 potions of might
Miscellaneous
 F - a lamp of fire
Comestibles
 c - 7 rations
 J - 34 chunks of flesh


   Skills:
 + Level 15.1(14.8) Fighting
 + Level 13.0(12.7) Axes
 + Level 15.0(14.6) Armour
 + Level 12.0(11.7) Dodging


You had 10 spell levels left.
You didn't know any spells.
Your spell library was empty.

Dungeon Overview and Level Annotations

Branches:
Dungeon (1/1)

Altars:
Ashenzari
Cheibriados
Dithmenos
Elyvilon
Fedhas
Gozag
Hepliaklqana
Kikubaaqudgha
Makhleb
Nemelex Xobeh
Okawaru
Qazlal
Ru
Sif Muna
Trog
Uskayaw
Vehumet
Wu Jian
Xom
Yredelemnul
Zin
The Shining One
Beogh
Jiyva
Lugonu

Annotations:
D 1 transporter


Innate Abilities, Weirdness & Mutations

You are resistant to torment.
Your stone body is resilient. (AC +8)
You are immune to poison.
You resist negative energy. (rN+)
You are resistant to electric shocks. (rElec)
You can survive without breathing.
You are immune to petrification.
You are immune to rotting.


Message History

The bolt of negative energy misses you.
Unknown command.
You slash the shadow dragon!
The shadow dragon is severely wounded.
Your gold dragon scales prevents you from hitting the shadow dragon.
You barely miss the soul eater.
The soul eater draws from the surrounding life force!
* * * LOW HITPOINT WARNING * * *
The soul eater is healed.
You closely miss the shadow dragon.
The shadow dragon is severely wounded.
You slash the shadow dragon! You hit the soul eater. You freeze the soul eater.
You closely miss the soul eater.
The shadow dragon breathes negative energy at you.
The bolt of negative energy hits you. You partially resist.
You feel drained.
* * * LOW HITPOINT WARNING * * *
The shadow dragon bites you but does no damage.
The shadow dragon claws you but does no damage.
The shadow dragon claws you!
You die...

▓▓▓▓▓▓▓▓▓▓▓▓▓▓▓▓▓▓▓
▓...8©8...▓...8©8...▓
▓..:[::?..▓..}[:[)..▓
▓..=|}=}..▓....[.}..▓
▓.........▓.........▓
▓.........▓.........▓
▓.........▓....[)...▓
▓...33D...▓...[()...▓
▓...D@....▓.▓.....▓.▓
▓.▓.....▓.▓....©....▓
▓....©....▓▓▓▓▓▓▓▓▓▓▓
▓▓▓▓▓▓▓▓▓▓▓


You could see 2 shadow dragons and 2 soul eaters.

Vanquished Creatures
  A pandemonium lord (D)
  3 two-headed ogres (D)
  A soul eater (D)
  2 sixfirhies (D)
  4 draconians (D)
  An orange demon (D)
  2 spiny frogs (D)
  2 komodo dragons (D)
  A hellwing (D)
  2 trolls (D)
  2 insubstantial wisps (D)
  A water moccasin (D)
  A floating eye (D)
  3 ogres (D)
  An eye of draining (D)
  A wolf (D)
  A crimson imp (D)
  2 quasits (D)
  3 jellies (D)
  4 orc wizards (D)
  5 orc priests (D)
  2 iron imps (D)
  A white imp (D)
  2 ufetubi (D)
  3 adder zombies (D)
  An adder skeleton (D)
  3 orcs (D)
  A spectral bat (D)
  2 bat zombies (D)
  A jackal (D)
59 creatures vanquished.

Vanquished Creatures (collateral kills)
  An orange demon (D)
1 creature vanquished.

Grand Total: 60 creatures vanquished

Notes
Turn   | Place    | Note
-------+----------+-------------------------------------------
     0 | D        | Found the +6 Majin-Bo {vamp, Archmagi MP+6 Int+6}
     0 | D        | Found the +7 great mace "Firestarter" {inner flame, rF++}
     0 | D        | Fang the Gargoyle Berserker began the quest for the Orb.
     0 | D        | Reached XP level 1. HP: 14/14 MP: 1/1
     3 | D        | Found a blossoming altar of Fedhas.
     4 | D        | Found a viscous altar of Jiyva.
     4 | D        | Found a hazy altar of Hepliaklqana.
     4 | D        | Found a transporter.
     4 | D        | Found an opulent altar of Gozag.
     4 | D        | Found an ancient bone altar of Kikubaaqudgha.
     4 | D        | Found a corrupted altar of Lugonu.
     8 | D        | Found a burning altar of Makhleb.
     9 | D        | Found a sacrificial altar of Ru.
     9 | D        | Found a stormy altar of Qazlal.
     9 | D        | Found a deep blue altar of Sif Muna.
     9 | D        | Found an iron altar of Okawaru.
     9 | D        | Found a bloodstained altar of Trog.
     9 | D        | Found a sparkling altar of Nemelex Xobeh.
    56 | D        | Entered arena 2.
    56 | D        | Noticed an insubstantial wisp
    56 | D        | Noticed an insubstantial wisp
    56 | D        | Found a transporter.
    62 | D        | Killed an insubstantial wisp
    62 | D        | Reached skill level 5 in Armour
    62 | D        | Reached XP level 2. HP: 19/22 MP: 2/2
    62 | D        | Reached XP level 3. HP: 24/27 MP: 3/3
    62 | D        | Reached XP level 4. HP: 29/32 MP: 4/4
    93 | D        | Killed an insubstantial wisp
    93 | D        | Reached skill level 5 in Dodging
    93 | D        | Reached XP level 5. HP: 6/38 MP: 5/5
    98 | D        | Got the +4 hand axe of Floods {freeze, rElec MR- Int+2}
   361 | D        | Entered arena 3.
   361 | D        | Found a transporter.
   362 | D        | Identified the cursed +1 long sword "Hydraslayer" {slice,
                  | -Tele rC+ Str+6}
   364 | D        | Reached ** piety under Trog
   364 | D        | Reached XP level 6. HP: 44/44 MP: 6/6
   373 | D        | Reached *** piety under Trog
   394 | D        | Entered arena 4.
   394 | D        | Noticed a draconian
   394 | D        | Noticed a draconian
   394 | D        | Noticed a draconian
   394 | D        | Noticed a draconian
   394 | D        | Found a transporter.
   405 | D        | Killed a draconian
   405 | D        | Reached XP level 7. HP: 51/51 MP: 7/7
   406 | D        | Killed a draconian
   406 | D        | Reached skill level 10 in Fighting
   406 | D        | Reached XP level 8. HP: 57/57 MP: 8/8
   413 | D        | Killed a draconian
   413 | D        | Reached skill level 10 in Armour
   425 | D        | Killed a draconian
   425 | D        | Reached **** piety under Trog
   425 | D        | Reached XP level 9. HP: 62/64 MP: 9/9
   452 | D        | Entered arena 5.
   452 | D        | Found a transporter.
   465 | D        | Reached ***** piety under Trog
   475 | D        | Entered arena 6.
   475 | D        | Found a transporter.
   476 | D        | Paralysed by a floating eye for 4 turns
   493 | D        | Got the ring of Enoy {rPois rC+ Str+6}
   569 | D        | Entered arena 7.
   569 | D        | Noticed an orange demon
   569 | D        | Noticed Zuvuahomp the pandemonium lord
   569 | D        | Noticed a hellwing
   569 | D        | Noticed a sixfirhy
   570 | D        | Found a transporter.
   574 | D        | Killed a sixfirhy
   574 | D        | Reached skill level 10 in Axes
   578 | D        | Killed a hellwing
   578 | D        | Received a gift from Trog
   595 | D        | Killed Zuvuahomp the pandemonium lord
   595 | D        | Reached ****** piety under Trog
   595 | D        | Reached skill level 10 in Dodging
   595 | D        | Reached XP level 10. HP: 21/73 MP: 10/10
   603 | D        | Killed an orange demon
   701 | D        | Entered arena 8.
   701 | D        | Noticed an orange demon
   701 | D        | Noticed a sixfirhy
   702 | D        | Found a transporter.
   709 | D        | Killed a sixfirhy
   711 | D        | Received a gift from Trog
   721 | D        | Killed an orange demon
   838 | D        | Entered arena 9.
   838 | D        | Noticed a spiny frog
   838 | D        | Noticed a spiny frog
   839 | D        | Found the ring of the Octopus King {MP+9 AC+1 EV+1 Str+1
                  | Int+1 Dex+1}
   839 | D        | Found a transporter.
   841 | D        | Killed a spiny frog
   846 | D        | Killed a spiny frog
   846 | D        | Received a gift from Trog
   846 | D        | Reached XP level 11. HP: 51/80 MP: 11/11
   895 | D        | Got a ring of the Octopus King {MP+9 AC+1 EV+1 Str+1 Int+1
                  | Dex+1}
   902 | D        | Entered arena 10.
   902 | D        | Noticed a two-headed ogre
   902 | D        | Noticed a two-headed ogre
   902 | D        | Noticed a two-headed ogre
   903 | D        | Found a transporter.
   911 | D        | Killed a two-headed ogre
   913 | D        | Killed a two-headed ogre
   913 | D        | Received a gift from Trog
   914 | D        | Killed a two-headed ogre
   988 | D        | Entered arena 11.
   989 | D        | Identified the +7 battleaxe "Vufenem" {freeze, rF+ rC+
                  | Str-5}
   989 | D        | Found a transporter.
   992 | D        | Received a gift from Trog
   996 | D        | Reached skill level 15 in Fighting
   998 | D        | Received a gift from Trog
  1011 | D        | Got the amulet of Wugh {Acrobat rElec}
  1021 | D        | Entered arena 12.
  1021 | D        | Noticed a shadow dragon
  1021 | D        | Noticed a soul eater
  1021 | D        | Noticed a soul eater
  1022 | D        | Noticed a shadow dragon
  1022 | D        | Noticed a soul eater
  1024 | D        | Found a transporter.
  1027 | D        | Received a gift from Trog
  1036 | D        | Killed a soul eater
  1036 | D        | Reached skill level 15 in Armour
  1038 | D        | HP: 6/121 [shadow dragon/bolt of negative energy (6)]
  1038 | D        | Slain by a shadow dragon

Skill      XL: |  1  2  3  4  5  6  7  8  9 10 11 |
---------------+----------------------------------+-----
Fighting       | 6 7 9 10 11 13 14 15 | 15.1
Axes           | 4 6 7 8 9 11 12 13 | 13.0
Armour         | 5 6 9 11 12 13 15 | 15.0
Dodging        | 4 5 6 7 8 10 11 12 | 12.0

Action                   |  1- 3 |  4- 6 |  7- 9 | 10-12 || total
-------------------------+-------+-------+-------+-------++-------
Melee: Executioner's axe |     4 |    12 |       |    42 ||    58
       Hand axe          |       |    18 |    65 |     3 ||    86
       Battleaxe         |       |       |       |    14 ||    14
Invok: Berserk           |     1 |     1 |     1 |     2 ||     5
       Brothers in Arms  |       |       |       |     1 ||     1
  Eat: Chunk             |       |       |     1 |     4 ||     5
Armor: Gold dragon scale |     8 |    46 |    44 |   127 ||   225
Dodge: Dodged            |       |     7 |    28 |    81 ||   116
